[Event "Late-Titled-Tuesday-Blitz-February-06-2024"]
[Site "Chess.com"]
[Date "2024.02.06"]
[Round "9"]
[White "campochess"]
[Black "BebeBonito2022"]
[Result "1/2-1/2"]
[WhiteElo "2125"]
[BlackElo "2324"]
[TimeControl "180+1"]
[EndTime "15:45:00 PST"]
[Termination "Game drawn by repetition"]

1. d4 Nf6 2. Bg5 d5 3. Nd2 c5 4. e3 cxd4 5. exd4 Bf5 6. Bb5+ Nc6 7. Ngf3 Qb6 8. a4 a6 9. Bxc6+ bxc6 10. Nb3 Ne4 11.
Be3 e6 12. O-O a5 13. Rb1 Bd6 14. Ne5 f6 15. Nd3 O-O 16. f3 Ng5 17. Nbc5 Rae8 18.
b4 axb4 19. Rxb4 Qa7 20. Rb7 Qa8 21. Qb1 Rb8 22. Qb6 Rxb7 23. Nxb7 Rb8 24. Ndc5 Bxc5 25. Qxc5 Qxb7 26. g4 Bg6 27. h4 Nxf3+ 28. Rxf3 Be4 29.
Rf1 Qc7 30. Bf4 e5 31. dxe5 fxe5 32. Bg3 Qd7 33. Kh2 Qxg4 34. Qd6 Re8 35. Qxc6 h6 36. Qxe8+ Kh7 37. Qxe5 Qe2+ 38. Rf2 Qd1 39. Rg2 Qf1 40.
Rg1 Qe2+ 41. Kh3 Qf3 42. Qf4 Bf5+ 43. Kh2 Qe2+ 44. Qf2 Qg4 45. Qg2 Be4 46. Qf2 Bf5 47.
Qg2 Be4 48. Qf2 Bf5 1/2-1/2

[Event "Late-Titled-Tuesday-Blitz-February-06-2024"]
[Site "Chess.com"]
[Date "2024.02.06"]
[Round "9"]
[White "TanitoluwaAps116"]
[Black "rasmussvane"]
[Result "0-1"]
[WhiteElo "2823"]
[BlackElo "2965"]
[TimeControl "180+1"]
[EndTime "15:45:01 PST"]
[Termination "rasmussvane won by resignation"]

1. e4 c6 2. d4 d5 3. exd5 cxd5 4. Bd3 Nc6 5. c3 Nf6 6. h3 g6 7. Nf3 Bf5 8. Be2 h6 9. O-O e6 10. Qb3 Rb8 11. Bf4 Bd6 12. Bxd6 Qxd6 13. Nbd2 g5 14.
Rae1 O-O 15. Ne5 Nxe5 16. dxe5 Qxe5 17. Nf3 Qd6 18. Nd4 Bg6 19. Nb5 Qb6 20. Qa3 a6 21. Nd4 e5 22. Nf3 Rfe8 23. Bd1 Bd3 24. Ba4 Re6 25.
Nxe5 Bxf1 26. Kxf1 Ne4 27. Nd3 Nd2+ 28. Kg1 Rxe1+ 29.
Nxe1 Nc4 30. Qe7 Qe6 31. Qxe6 fxe6 32. Nd3 Kg7 33. Kf1 Kf6 34. Ke2 Ke7 35. Bc2 Kd6 36.
b3 Ne5 37. Nb2 Rc8 38. Kd2 h5 39. Nd1 b5 40. Ne3 a5 41. a3 Rb8 42. b4 Nc4+ 43. Nxc4+ bxc4 44. Ke3 axb4 45. axb4 e5 46. g3 Ra8 47. Bd1 Ra3 48. Kd2 h4 49. gxh4 gxh4 50. f4 exf4 51. Bf3 Ke5 52. b5 Rb3 53. b6 Rxb6 0-1

[Event "Late-Titled-Tuesday-Blitz-February-06-2024"]
[Site "Chess.com"]
[Date "2024.02.06"]
[Round "9"]
[White "VladimirKramnik"]
[Black "AlexeiShirov"]
[Result "0-1"]
[WhiteElo "2910"]
[BlackElo "2819"]
[TimeControl "180+1"]
[EndTime "15:45:01 PST"]
[Termination "AlexeiShirov won on time"]

1. e4 e5 2. Nf3 Nc6 3. g3 Nf6 4. d3 d5 5. exd5 Nxd5 6. Bg2 Be7 7. O-O O-O 8. Re1 Bf6 9. Nbd2 Bg4 10. h3 Bh5 11. c3 Re8 12. a4 Bg6 13. Ne4 Be7 14. a5 a6 15. Qb3 Rb8 16. Nh4 Bxh4 17. gxh4 Nf4 18. Bxf4 exf4 19. d4 Qxh4 20. Nd2 Bh5 21. Qxb7 Ne7 22. Qxa6 Rxb2 23. Qd3 Bg6 24. Qe2 Bh5 25.
Nf3 Rxe2 26. Nxh4 Nc8 27. Rxe2 Bxe2 28. Bc6 Rd8 29. Re1 Ba6 30. Nf5 Kf8 31. Rb1 g6 32. Nh4 Ne7 33. Be4 g5 34. Nf3 f5 35. Bc2 h6 36. Ne5 Rd5 37. Rb8+ Kg7 38. Re8 Nc8 39.
Bb3 Rxa5 40. Rg8+ Kh7 41. Rd8 Nb6 0-1

[Event "Late-Titled-Tuesday-Blitz-February-06-2024"]
[Site "Chess.com"]
[Date "2024.02.06"]
[Round "9"]
[White "ferdipy"]
[Black "Nf3c5"]
[Result "0-1"]
[WhiteElo "2407"]
[BlackElo "2569"]
[TimeControl "180+1"]
[EndTime "15:45:04 PST"]
[Termination "Nf3c5 won by resignation"]

1. e4 c5 2. d4 cxd4 3. c3 dxc3 4. Nxc3 Nc6 5. Bc4 a6 6. Nf3 d6 7. O-O Nf6 8. h3 e6 9. Bf4 Nh5 10. Be3 Be7 11. Qe2 O-O 12. Rfd1 b5 13. Bb3 Bb7 14. Rac1 Qb8 15. g4 Nf6 16. Bf4 Ne5 17. Nd4 b4 18.
Na4 Nxe4 19. Nb6 Nc5 20. Nxa8 Bxa8 21. Rxc5 dxc5 22. Bxe5 Qb7 23. Nf3 Qxf3 24. Qxf3 Bxf3 25. Rd7 Bf6 26. Bd6 Rc8 27. Ba4 h5 28. Ra7 hxg4 29.
hxg4 Bxb2 30. Bd7 Rd8 31. Be7 Ra8 32. Rc7 Bd4 33. Ba4 Bxg4 34. Bxc5 Bxc5 35. Rxc5 Bf3 36. Ra5 Bd5 37. Bb3 Bxb3 38. axb3 Rc8 39. Rxa6 Rc3 40.
Ra8+ Kh7 41. Ra7 Kg6 42. Kg2 Rxb3 43. Rb7 e5 44. Kf1 Rb2 45. Ke1 b3 46. f3 f6 47.
Rb4 Kf5 48. Rg4 g5 49. Rb4 Ke6 50. Kf1 Kd5 51. Ke1 Kc5 52. Ra4 Rh2 53. Kf1 b2 54.
Ra5+ Kb4 0-1

[Event "Late-Titled-Tuesday-Blitz-February-06-2024"]
[Site "Chess.com"]
[Date "2024.02.06"]
[Round "9"]
[White "Fh2411"]
[Black "ACollins05"]
[Result "1-0"]
[WhiteElo "2610"]
[BlackElo "2450"]
[TimeControl "180+1"]
[EndTime "15:45:05 PST"]
[Termination "Fh2411 won by checkmate"]

1. d4 d5 2. Nf3 Nf6 3. Bf4 e6 4. e3 Bd6 5. Bg3 O-O 6. Nbd2 c5 7. Ne5 Qc7 8. c3 Nbd7 9. f4 Ne4 10. Nxe4 dxe4 11.
Nc4 Be7 12. f5 Qc6 13. fxe6 Qxe6 14. d5 Qh6 15. a4 Bg5 16. Qd2 Nf6 17. Be2 Bg4 18. d6 Bxe2 19. Qxe2 Nd5 20. Bf2 Rad8 21. Rd1 Nb6 22. Nxb6 axb6 23. d7 Qe6 24. Qb5 f5 25.
O-O Rf7 26. h4 Bh6 27. a5 bxa5 28. Qxc5 b6 29. Qb5 Rfxd7 30. Rxd7 Rxd7 31. Re1 g6 32. Bg3 Rd3 33. Bf2 Rd5 34. Qc4 Rd6 35. Qc7 Qd7 36.
Qb8+ Kg7 37. Bg3 Rd3 38. Be5+ Kf7 39. Bd4 b5 40. Qh8 Ke6 41. Qe5+ Kf7 42. h5 a4 43. Qh8 Ke6 44. hxg6 hxg6 45. Qxh6 Qf7 46. Qh8 Rd2 47. Qe5+ Kd7 48. Qxb5+ Ke6 49. Qc4+ Ke7 50. Bc5+ Ke8 51. Qxa4+ Qd7 52. Qa8+ Qd8 53. Qxd8+ Kxd8 54. b4 Kd7 55. Bd4 Kc6 56. c4 Rc2 57. b5+ Kc7 58. c5 Kd7 59.
Ra1 Ke6 60. Rb1 Kd5 61. b6 Kc4 62. b7 Kd3 63. b8=Q f4 64. Qb5+ Kd2 65. Qf1 fxe3 66.
Rd1# 1-0

[Event "Late-Titled-Tuesday-Blitz-February-06-2024"]
[Site "Chess.com"]
[Date "2024.02.06"]
[Round "9"]
[White "Redzishchess"]
[Black "IranianCheetah"]
[Result "1-0"]
[WhiteElo "2535"]
[BlackElo "2364"]
[TimeControl "180+1"]
[EndTime "15:45:12 PST"]
[Termination "Redzishchess won on time"]

1. d4 d5 2. c4 c6 3. Nf3 Nf6 4. Nbd2 Bf5 5. Nh4 Bc8 6. g3 e6 7. Bg2 Nbd7 8. O-O Bd6 9. Qc2 g5 10. Nhf3 g4 11. Nh4 Be7 12. Bh1 Nh5 13. Ng2 f5 14.
cxd5 cxd5 15. Nb3 b6 16. Nf4 Nxf4 17. Bxf4 Ba6 18. Bc7 Qc8 19. Rac1 Qb7 20. Qd2 Rc8 21. Bf4 O-O 22. Be5 Nxe5 23. dxe5 Rxc1 24. Rxc1 Rc8 25. Nd4 Rxc1+ 26. Qxc1 Qc8 27. Qd2 Qc4 28. Nxf5 Kf8 29.
Nd4 Qxa2 30. Bg2 Qb1+ 31. Bf1 Ke8 32. Nxe6 Qe4 33. Nc7+ Kd7 34. Nxa6 Bc5 35. Nxc5+ bxc5 36. e3 Qxe5 37. Bg2 Kd6 38. h4 gxh3 39. Bxh3 c4 40. Bg2 Kc5 41. Kf1 Kb5 42. Qd4 Qxd4 43. exd4 Kc6 44. Ke1 a5 45. Kd2 a4 46. Kc3 Kd6 47. Kb4 h6 48. Kxa4 1-0

[Event "Late-Titled-Tuesday-Blitz-February-06-2024"]
[Site "Chess.com"]
[Date "2024.02.06"]
[Round "9"]
[White "Yushko_Olga"]
[Black "morte-negra"]
[Result "1-0"]
[WhiteElo "2213"]
[BlackElo "2011"]
[TimeControl "180+1"]
[EndTime "15:45:15 PST"]
[Termination "Yushko_Olga won on time"]

1. d4 Nf6 2. c4 g6 3. Nc3 Bg7 4. Nf3 O-O 5. Bg5 d6 6. e3 Nbd7 7. Be2 e5 8. O-O b6 9. Qc2 Bb7 10. Rfd1 Qe7 11. dxe5 Nxe5 12. Nd5 Bxd5 13. cxd5 h6 14.
Bh4 g5 15. Bg3 Nh5 16. Nd4 Nxg3 17. hxg3 g4 18. Rac1 Rac8 19. Qf5 Qf6 20. Ba6 c5 21. dxc6 Rc7 22. Bb7 a6 23. Qxf6 Bxf6 24. Nf5 Nxc6 25. Rxc6 Rxb7 26. Rdxd6 Bxb2 27. Rxh6 Bg7 28. Nxg7 Kxg7 29.
Rxb6 Rxb6 30. Rxb6 Ra8 31. a4 a5 32. Kf1 f6 33.
Ke2 Kg6 34. Rb5 f5 35. Kd3 Rd8+ 36. Kc3 Rc8+ 37. Kb3 Rc1 38. Rxa5 Rf1 39. Kc3 Rxf2 40. Kd4 Rxg2 41. Ra8 Rxg3 42. a5 Rg1 43. a6 Ra1 44. Ke5 Ra5+ 45. Kf4 Kf6 46. a7 Ra4+ 47. Kg3 Kg7 48.
Kh4 Ra5 49. Kg3 Ra4 50. Kg2 Ra5 51. Kf2 Ra4 52. Kg3 Ra5 53. Kf4 g3 54. Kxg3 Ra4 55. Kf3 Ra5 56. Kf4 Ra3 57. Kxf5 Ra5+ 58. Kf4 Ra4+ 59.
e4 1-0

[Event "Late-Titled-Tuesday-Blitz-February-06-2024"]
[Site "Chess.com"]
[Date "2024.02.06"]
[Round "9"]
[White "giovannibrandao7"]
[Black "egnfanclub"]
[Result "0-1"]
[WhiteElo "2227"]
[BlackElo "2360"]
[TimeControl "180+1"]
[EndTime "15:45:19 PST"]
[Termination "egnfanclub won by resignation"]

1. e4 e5 2. Nf3 Nc6 3. Bb5 a6 4.
Ba4 d6 5. O-O Bg4 6. c3 Qf6 7. d3 Ne7 8. Nbd2 Ng6 9. h3 h5 10.
Bxc6+ bxc6 11. Qa4 Bd7 12. Nh2 Nf4 13. Ndf3 g5 14.
Bxf4 gxf4 15. Kh1 Be7 16. d4 exd4 17. Qxd4 c5 18. Qxf6 Bxf6 19. Rad1 O-O-O 20. Rfe1 Be6 21. Nf1 Kb7 22. N1d2 Rhg8 23. Re2 Be5 24. Rc1 Kc6 25. c4 Bxb2 26. Rb1 Rb8 27. Nb3 Bc3 28. Rc2 Be5 29. Re1 Rb4 30. Nxe5+ dxe5 31. Nd2 Rgb8 32. Nf3 f6 33. Rec1 Rb2 34. Kh2 Rxc2 35. Rxc2 Rb4 36. Nd2 a5 37. g3 fxg3+ 38. Kxg3 a4 39. Kh4 a3 40. Kxh5 Bxh3 41. Nb3 Be6 42. Kg6 Bxc4 43. Kxf6 Bxb3 44. axb3 Rxb3 45. Kxe5 Rb2 46. Rc3 a2 47. Ra3 Rxf2 48. Ke6 Kb5 49. e5 Kb4 50. Ra8 c4 51. Kd5 Rd2+ 52. Ke4 c3 53. Ke3 Rh2 54. e6 Rh6 55.
Rxa2 Rxe6+ 56. Kd4 Kb3 57. Rh2 Rd6+ 58. Ke3 c2 0-1

[Event "Late-Titled-Tuesday-Blitz-February-06-2024"]
[Site "Chess.com"]
[Date "2024.02.06"]
[Round "9"]
[White "HansOnTwitch"]
[Black "Harsha_Bharathakoti"]
[Result "0-1"]
[WhiteElo "3130"]
[BlackElo "2928"]
[TimeControl "180+1"]
[EndTime "15:45:20 PST"]
[Termination "Harsha_Bharathakoti won on time"]

1. e4 c5 2. Nf3 e6 3. b3 a6 4. Bb2 Nc6 5. c4 Nf6 6. e5 Ng4 7. g3 Qc7 8. Bg2 Ngxe5 9. Nxe5 Nxe5 10. O-O Nd3 11. Bc3 Rb8 12. Qe2 Qd6 13. f4 f6 14.
a4 Be7 15. Na3 b6 16. Be4 Nb4 17. Qh5+ Kd8 18. Rad1 Bb7 19. d3 g6 20. Qf3 Qc7 21. Qe2 Re8 22. Bxb4 cxb4 23. Nc2 d5 24. Bf3 Bd6 25.
Ne3 Qc5 26. d4 Qc7 27. Rc1 Qd7 28. Qd3 dxc4 29. Nxc4 Bxf3 30. Qxf3 Ke7 31. Rfd1 Kf7 32. Kg2 b5 33. axb5 axb5 34. Na5 Rec8 35. Nc6 Ra8 36. d5 Kg7 37. Nd4 Ra2+ 38. Kh1 e5 39. Ne6+ Kh8 40. fxe5 Bxe5 41. Rxc8+ Qxc8 42. Qd3 Bd6 43. Nd4 Qc3 44. Nxb5 Qxd3 45. Rxd3 Be5 46. d6 Ra8 47.
Nc7 Rd8 48. Nb5 Rd7 49. Rd5 Kg7 50. Kg2 Kf7 51. Kf3 Ke6 52. Nc7+ Kf7 53. Nb5 Ke6 54. Ke4 f5+ 55. Kd3 Kxd5 0-1

[Event "Late-Titled-Tuesday-Blitz-February-06-2024"]
[Site "Chess.com"]
[Date "2024.02.06"]
[Round "9"]
[White "Der_Balak_3Halak"]
[Black "traviscottofficial"]
[Result "0-1"]
[WhiteElo "2530"]
[BlackElo "2678"]
[TimeControl "180+1"]
[EndTime "15:45:21 PST"]
[Termination "traviscottofficial won by resignation"]

1. e4 c5 2. Nf3 Nc6 3. c3 e6 4. d4 cxd4 5. cxd4 d5 6. e5 Bd7 7. Nc3 Nge7 8. Bd3 a6 9. O-O b5 10. a3 g6 11. h4 Bg7 12. h5 Nf5 13. Bc2 Qb6 14. Be3 Rc8 15. Rc1 O-O 16. Bxf5 gxf5 17.
h6 Bh8 18. g4 Ne7 19. Kh2 fxg4 20. Rg1 Ng6 21. Rxg4 f5 22. Rg1 f4 23. Bd2 Be8 24. Nh4 Qxd4 25. Qe1 f3 26. Bg5 Qxe5+ 27.
Qxe5 Bxe5+ 28. Kh1 Rc4 29. Be7 Rff4 30. Nxg6 Bxg6 31.
Rg5 Rh4+ 32. Kg1 Rcg4+ 33. Rxg4 Rxg4+ 34. Kh1 Kf7 35. Bd8 Bf6 36. Bxf6 Kxf6 37. Re1 Rh4+ 38. Kg1 Rxh6 39. Re3 Rh3 40. a4 d4 41. Ne4+ Ke5 42.
Re1 Bxe4 43. axb5 axb5 44. b4 Rh4 45. Rc1 d3 46. Rc5+ Kd4 47. Rc1 d2 48. Rd1 Kd3 49.
Rf1 Ke2 50. Rd1 Rg4+ 51. Kh1 Rg2 52. Rxd2+ Ke1 53. Rd1+ Kxf2 54. Rf1+ Kg3 55. Rxf3+ Kg4 56. Rf4+ Kg5 57. Rf5+ Kg6 58. Rf6+ Kh5 59. Rh6+ Kg4 60. Rh4+ Kf5 61. Rf4+ Ke5 62. Rf5+ Bxf5 63. Kxg2 Kd5 64. Kg3 Kc4 65. Kf4 0-1

[Event "Late-Titled-Tuesday-Blitz-February-06-2024"]
[Site "Chess.com"]
[Date "2024.02.06"]
[Round "9"]
[White "Horokoskii"]
[Black "N_I_Chess"]
[Result "1/2-1/2"]
[WhiteElo "2177"]
[BlackElo "2334"]
[TimeControl "180+1"]
[EndTime "15:45:21 PST"]
[Termination "Game drawn - insufficient material"]

1. d4 Nf6 2. c4 d5 3. cxd5 Nxd5 4. Nc3 Nxc3 5. bxc3 e5 6. g3 exd4 7. Qxd4 Nc6 8. Qxd8+ Nxd8 9. Bg2 Be6 10. Bg5 c6 11. Nf3 Bd5 12. O-O Ne6 13. Bd2 Bc5 14. e3 Rd8 15. Nd4 Bxg2 16. Kxg2 Bb6 17. Rad1 Nc5 18. Bc1 O-O 19. h4 Ne4 20. Bb2 Nd6 21. Ba3 c5 22. Nb3 Ne4 23. Kf3 Nxc3 24. Rxd8 Rxd8 25. Bxc5 Bxc5 26. Nxc5 b6 27. Ne4 Nxe4 28. Kxe4 Rd2 29. a4 Ra2 30. Rc1 Rxa4+ 31. Kf5 Ra5+ 32. Kf4 g6 33. Rc7 Kg7 34. e4 h5 35. f3 b5 36. Rb7 a6 37. g4 hxg4 38. fxg4 Ra1 39. Kg5 Re1 40. Kf4 Rf1+ 41. Ke5 Rh1 42. Ra7 Rxh4 43.
Rxa6 Rxg4 44. Rb6 Rg1 45. Kf4 Rb1 46. Ke5 b4 47. Kd4 g5 48. e5 b3 49. Kc3 g4 50. e6 fxe6 51. Rxe6 g3 52. Re3 Kf6 53.
Rxg3 Rf1 54. Kxb3 Rf5 55. Rc3 Ke5 56. Rc5+ Kf6 57. Rc6+ Kg5 58. Rc4 Rf3+ 59. Rc3 Rf5 60. Kb4 Rf4+ 61. Rc4 Kg4 62. Rxf4+ Kxf4 1/2-1/2

[Event "Late-Titled-Tuesday-Blitz-February-06-2024"]
[Site "Chess.com"]
[Date "2024.02.06"]
[Round "9"]
[White "Igor_Lysyj"]
[Black "brm72"]
[Result "1-0"]
[WhiteElo "2871"]
[BlackElo "2641"]
[TimeControl "180+1"]
[EndTime "15:45:24 PST"]
[Termination "Igor_Lysyj won by checkmate"]

1. d4 e6 2. c4 Nf6 3. Nf3 c5 4.
d5 exd5 5. cxd5 d6 6. Nc3 g6 7. h3 Bg7 8. e4 O-O 9. Be3 Re8 10. Bd3 c4 11. Bc2 b5 12. Nxb5 Qa5+ 13. Nc3 Nxe4 14. Bxe4 Rxe4 15. O-O Rxe3 16. fxe3 Qb6 17. Qd2 Nd7 18.
Kh1 Rb8 19. Rab1 Nc5 20. Ng5 Rb7 21. Qf2 Nd3 22. Qh4 h6 23. Nge4 Bf5 24. Nf6+ Kh8 25.
Ne8 Be5 26. Qxh6+ Kg8 27. e4 Nf2+ 28. Rxf2 Qxf2 29. exf5 Rxb2 30. Rg1 Qg3 31. Nf6+ Bxf6 32. Ne4 Qh4 33. Qc1 Re2 34. Nxf6+ Qxf6 35. Qxc4 Re5 36. fxg6 fxg6 37. Qc8+ Kg7 38. Qc7+ Re7 39. Qa5 Re3 40. Qxa7+ Re7 41. Qa5 Qh4 42. Qc3+ Kh7 43. Rf1 Re5 44. Rf7+ Kh6 45. Qc1+ g5 46. Rf1 Kg6 47. Qc2+ Kh6 48.
Qc6 Kg7 49. Qxd6 Qe4 50. Qd7+ Kh6 51. Rf6+ Kh5 52. Qf7+ Kh4 53. Rf1 Kg3 54. Qf2# 1-0

[Event "Late-Titled-Tuesday-Blitz-February-06-2024"]
[Site "Chess.com"]
[Date "2024.02.06"]
[Round "9"]
[White "dmitrijiIM"]
[Black "bilelou"]
[Result "1-0"]
[WhiteElo "2923"]
[BlackElo "2745"]
[TimeControl "180+1"]
[EndTime "15:45:25 PST"]
[Termination "dmitrijiIM won by resignation"]

1. d4 Nf6 2. c4 e6 3. Nc3 c5 4. Nf3 cxd4 5. Nxd4 Qc7 6. e4 Bb4 7. f3 a6 8. Be3 O-O 9. Rc1 Nc6 10. Be2 Nxd4 11. Bxd4 Bc5 12. O-O d6 13. Qd2 e5 14. Bf2 Be6 15. b3 Rfd8 16. Rfd1 Ne8 17. Nd5 Bxf2+ 18. Kxf2 Bxd5 19. cxd5 Qb6+ 20. Qe3 Qxe3+ 21.
Kxe3 Rac8 22. g3 Kf8 23. Bf1 Rb8 24. a4 a5 25. Rc2 Ke7 26. Rdc1 g6 27. Bb5 h5 28. f4 exf4+ 29. gxf4 Nf6 30. Rc7+ Kf8 31. Kd4 Kg7 32. Re7 Ng8 33. Rec7 Nf6 34. R1c2 h4 35. Rg2 h3 36. Rgc2 Nh5 37. e5 dxe5+ 38. fxe5 Nf4 39.
d6 Ne6+ 40. Ke4 Rh8 41. Re7 Rh4+ 42. Ke3 Nd4 43. Rf2 Nf5+ 44. Rxf5 gxf5 45. d7 Rd8 46. e6 Re4+ 47. Kf3 Rxe6 48. Re8 Rxd7 49. Bxd7 Rb6 50. Bb5 Rd6 51. Kg3 Rd2 52. Kxh3 Kf6 53. Bc4 Kg5 54. Kg3 f4+ 55. Kf3 Rxh2 56. Re5+ Kf6 57.
Rxa5 Rh3+ 58. Kxf4 Ke7 59. Rb5 1-0

[Event "Late-Titled-Tuesday-Blitz-February-06-2024"]
[Site "Chess.com"]
[Date "2024.02.06"]
[Round "9"]
[White "only_strong_moves"]
[Black "Rawnsdale"]
[Result "0-1"]
[WhiteElo "2649"]
[BlackElo "2541"]
[TimeControl "180+1"]
[EndTime "15:45:25 PST"]
[Termination "Rawnsdale won by resignation"]

1. e4 c6 2. d4 d5 3. Nc3 dxe4 4. Nxe4 Nf6 5. Nxf6+ exf6 6. Bf4 Bd6 7. Qd2 O-O 8.
O-O-O Be6 9. Kb1 a5 10. c4 a4 11.
a3 b5 12. d5 Bxf4 13. Qxf4 bxc4 14. d6 c3 15. Bc4 Qb6 16. b4 axb3 17. Rc1 Rxa3 18.
Rxc3 Qa5 19. Rxb3 Qe1+ 20. Kb2 Qa1+ 21. Kc2 Ra2+ 22. Kd3 Bxc4+ 23. Qxc4 Qd1+ 24. Ke3 Re8+ 25. Kf4 Qxd6+ 26. Kg4 Nd7 27. Nf3 h5+ 28. Kh3 g5 29. g4 hxg4+ 30. Qxg4 Nc5 31. Re3 Rxe3 32. fxe3 Ra3 33.
Re1 Ne6 34. Kg2 Kg7 35. h4 Qd5 36. Re2 c5 37. hxg5 Nxg5 38. e4 Qe6 39. Qxe6 fxe6 40.
Ne1 e5 41. Nc2 Rc3 42. Ne3 Kg6 43. Nd5 Rc4 44. Ne7+ Kf7 45. Nd5 Rxe4 46. Rf2 Rg4+ 47. Kf1 Ne4 48. Ra2 Ke6 49. Ne3 Rf4+ 50. Ke2 Nc3+ 51.
Kd3 Nxa2 52. Nc4 Nb4+ 53. Kc3 Rxc4+ 54. Kxc4 f5 55. Kxc5 f4 56. Kxb4 Kf5 57. Kc3 e4 58.
Kd2 Kg4 59. Ke2 Kg3 60. Kf1 Kf3 61. Ke1 e3 62. Kf1 Ke4 63. Ke1 f3 64. Kf1 Kd3 65.
Ke1 f2+ 66. Kf1 Kd2 67. Kg2 Ke2 68. Kg3 f1=Q 69. Kh4 Qf7 70. Kg3 Kd2 71. Kh2 Qg6 0-1

[Event "Late-Titled-Tuesday-Blitz-February-06-2024"]
[Site "Chess.com"]
[Date "2024.02.06"]
[Round "9"]
[White "nihalsarin"]
[Black "igorkovalenko"]
[Result "1-0"]
[WhiteElo "3130"]
[BlackElo "3007"]
[TimeControl "180+1"]
[EndTime "15:45:26 PST"]
[Termination "nihalsarin won by resignation"]

1. d4 Nf6 2. Nf3 e6 3. c4 b6 4. a3 Ba6 5. Nc3 Bxc4 6. Bg5 Be7 7.
Rc1 c6 8. e4 Bxf1 9. Kxf1 d5 10. e5 Nfd7 11. h4 h6 12. Bxe7 Qxe7 13. Rh3 O-O 14. Rg3 f5 15. Ne2 c5 16. Nf4 Qf7 17. b4 c4 18. b5 Re8 19. Ng1 Kh7 20. Ngh3 Nf8 21. Nh5 Ng6 22. Nxg7 Rg8 23. Nxe6 Qxe6 24. Qh5 Nh8 25. Nf4 Qf7 26. Qxf7+ Nxf7 27. Rxg8 Kxg8 28. Nxd5 a6 29. Rxc4 axb5 30. Rc8+ Kg7 31.
Nxb6 Rxa3 32. Rxb8 Rd3 33. Rb7 Kg6 34. h5+ Kg5 35. Rxf7 b4 36. e6 b3 37. Nc4 Rxd4 38. e7 Re4 39. Nd2 b2 40. Rg7+ Kf6 41. Nxe4+ Kxg7 42. Nc3 Kf7 43. Ke2 Kxe7 44. Kd3 Kf6 45. Kc2 Kg5 46.
Kxb2 Kxh5 47. Kc2 Kg4 48. Kd2 Kf4 49. Ke2 h5 50. Nd5+ Ke5 51. Ne3 Kf4 52. g3+ Ke4 53. f3+ Ke5 54. Ng2 Kf6 55. Ke3 Kg5 56. Nf4 h4 57. gxh4+ Kxh4 58. Ne6 Kg3 59. f4 Kg4 60.
Kd4 1-0

[Event "Late-Titled-Tuesday-Blitz-February-06-2024"]
[Site "Chess.com"]
[Date "2024.02.06"]
[Round "9"]
[White "rdarruda"]
[Black "krzyzan94"]
[Result "0-1"]
[WhiteElo "2548"]
[BlackElo "2793"]
[TimeControl "180+1"]
[EndTime "15:45:28 PST"]
[Termination "krzyzan94 won by resignation"]

1. Nf3 Nf6 2. d4 g6 3. Nc3 d5 4. Bg5 Bg7 5. Bxf6 exf6 6. e3 O-O 7. Ne2 c5 8. dxc5 Qa5+ 9. c3 Qxc5 10. Nf4 Rd8 11. Be2 Nc6 12. O-O a5 13. a4 Ne5 14.
Nd4 f5 15. Qb3 Nc4 16. Rfd1 Nb6 17. Qb5 Bf8 18. Qxc5 Bxc5 19. Nb3 Bd6 20. g3 Be6 21. Nd4 Bxf4 22. gxf4 Kf8 23. b3 Ke7 24. Rac1 Rac8 25.
Kf1 h6 26. h4 Nd7 27. Ke1 Nc5 28. f3 Rg8 29. Kd2 g5 30. fxg5 hxg5 31. hxg5 Rxg5 32. Rg1 Rcg8 33. Rxg5 Rxg5 34. Rh1 Rg8 35. Rh5 Kf6 36. Rh6+ Ke7 37. Rh5 b6 38. Rh1 Bc8 39. Rh6 Be6 40.
Rh1 Nb7 41. Rh5 Nd6 42. Rh1 Bd7 43. Ke1 Rg2 44. Kf1 Rg8 45. Ke1 Be6 46. Rh6 Ne8 47. Rh1 Nf6 48. Kf2 Rc8 49. Rc1 Ne8 50.
Bd3 Nd6 51. Nb5 Nxb5 52. Bxb5 Rh8 53. Kg2 Kf6 54. f4 Ke7 55. Bd3 Kd6 56. Rd1 Kc5 57.
Rc1 Rh6 58. Be2 Rh8 59. Bf3 Kd6 60. Rd1 Kc5 61. Rc1 Rg8+ 62. Kf2 b5 63. axb5 Kxb5 64. Ra1 Rc8 65. Be2+ Kb6 66. Rc1 Rh8 67. Ke1 Rh2 68. Kd2 d4 69. cxd4 Bxb3 70. Rb1 a4 71. Kd3 Ka5 72.
Rb2 Kb4 73. Bd1 Rxb2 0-1

[Event "Late-Titled-Tuesday-Blitz-February-06-2024"]
[Site "Chess.com"]
[Date "2024.02.06"]
[Round "9"]
[White "alphienothere"]
[Black "karinachess1"]
[Result "0-1"]
[WhiteElo "2288"]
[BlackElo "2682"]
[TimeControl "180+1"]
[EndTime "15:45:29 PST"]
[Termination "karinachess1 won by resignation"]

1. d4 Nf6 2. Nf3 e6 3. Nc3 d5 4. Qd3 b6 5. e4 Ba6 6. Qe3 Bxf1 7. Kxf1 dxe4 8. Nxe4 Be7 9. c3 O-O 10. Nxf6+ Bxf6 11. Qe4 Nd7 12. g3 c5 13. Kg2 cxd4 14.
cxd4 b5 15. h4 Nb6 16. Bg5 h6 17. Bxf6 Qxf6 18. b3 Rfd8 19. Rac1 Nd5 20. Qe5 Rac8 21. Qxf6 Nxf6 22. Ne5 Kf8 23. Kf3 a6 24. Ke3 Nd5+ 25.
Kd2 f6 26. Rxc8 Rxc8 27. Nd3 Ke7 28. Re1 Kf7 29. f3 Rd8 30. g4 Ne7 31. Ke3 Nc6 32. Rc1 Rd6 33. Nc5 Nxd4 34. Nb7 Rd5 35. Rc7+ Kg8 36. Nc5 e5 37. Ke4 Rd6 38. Nb7 Rc6 39.
Rxc6 Nxc6 40. h5 Kf7 41. a3 Ke7 42. Kd5 Nd4 43. b4 Nc2 44. Nc5 Nxa3 45. Nxa6 Nc2 46. Kc5 Nd4 47. Nc7 Nxf3 48. Nxb5 e4 49. Nc3 e3 50. b5 Kd7 51. b6 Kc8 52. Kc6 Ne5+ 53. Kd5 Nxg4 54. Kc6 f5 55. b7+ Kb8 56. Nd5 Ne5+ 57.
Kd6 Kxb7 58. Nxe3 f4 59. Nf1 Ng4 60. Ke6 Nf6 61. Kf7 Nxh5 62. Kg6 Ng3 63. Kxg7 Nxf1 0-1

[Event "Late-Titled-Tuesday-Blitz-February-06-2024"]
[Site "Chess.com"]
[Date "2024.02.06"]
[Round "9"]
[White "CarlosjPineror"]
[Black "ninguno46"]
[Result "1-0"]
[WhiteElo "2696"]
[BlackElo "2534"]
[TimeControl "180+1"]
[EndTime "15:45:30 PST"]
[Termination "CarlosjPineror won on time"]

1. e4 d6 2. d4 Nf6 3. Nc3 c6 4. f3 Qa5 5. Be3 e5 6. Qd2 h5 7.
h4 Be7 8. O-O-O Nbd7 9. Kb1 b5 10. Nh3 b4 11. Ne2 Rb8 12. Ng5 Qc7 13. Ng3 g6 14.
Ne2 a5 15. Nc1 a4 16. dxe5 Nxe5 17. f4 Neg4 18. Bc4 O-O 19. Rhe1 d5 20. exd5 cxd5 21.
Bxd5 Nxd5 22. Qxd5 Bf5 23. Nd3 b3 24. cxb3 axb3 25.
Ka1 Nf6 26. Qe5 Qb7 27. Bc5 Qa6 28. a3 Bxc5 29. Nxc5 Qa7 30. Qxf6 Qxc5 31. Qe5 Qa7 32. Ne4 Bxe4 33. Qxe4 Rfe8 34. Qxe8+ Rxe8 35. Rxe8+ Kg7 36. Ree1 Qf2 37. Rg1 Qxf4 38. g3 Qc4 39. Rc1 Qd4 40. Rgf1 Qe3 41. Rc3 Qe2 42. Rfc1 Qb5 43. Rc5 Qd3 44.
R5c3 Qb5 45. Rc4 Qb7 46. Rb4 Qf3 47. a4 Qxg3 48. Rbc4 Qe3 49. R4c3 Qa7 50. Rc4 Qe3 51. R1c3 Qe1+ 52. Rc1 Qa5 53. R1c3 Qa6 54. Kb1 1-0

[Event "Late-Titled-Tuesday-Blitz-February-06-2024"]
[Site "Chess.com"]
[Date "2024.02.06"]
[Round "9"]
[White "Goryachkina"]
[Black "VitaliyChayka"]
[Result "1-0"]
[WhiteElo "2692"]
[BlackElo "2457"]
[TimeControl "180+1"]
[EndTime "15:45:33 PST"]
[Termination "Goryachkina won on time"]

1. e4 d6 2. d4 Nf6 3. Nc3 e5 4. Nf3 Nbd7 5. Bc4 Be7 6. O-O O-O 7. a4 a5 8. Ba2 c6 9. Re1 exd4 10. Nxd4 Nc5 11. h3 Be6 12. Nxe6 fxe6 13. Be3 d5 14.
exd5 exd5 15. Bd4 Bd6 16. Qe2 Qd7 17. Rad1 Rae8 18. Qd2 Nfe4 19. Nxe4 Nxe4 20. Qxa5 Ra8 21. Bxd5+ Kh8 22. Qxa8 Rxa8 23. Bxe4 Qc7 24. b3 Rd8 25.
Be3 Be5 26. Rxd8+ Qxd8 27. Bd3 Bc3 28. Rd1 g6 29. Be2 Qe7 30. Bg4 h5 31. Bf3 Be5 32.
a5 Bd6 33. a6 bxa6 34. Bxc6 Kh7 35. Bf4 Bxf4 36. Rd7 Qxd7 37. Bxd7 Kg7 38. g3 Bd6 39. Kg2 g5 40. Kf3 Kf6 41. Be8 h4 42. gxh4 gxh4 43.
Kg4 Bc5 44. f4 Bf2 45. Bd7 a5 46. Bb5 Be1 47. Bd3 Bf2 48. Kf3 Bc5 49. Ke4 Bb4 50. f5 Be1 51. Kd5 Bc3 52. Kc4 Be1 53. c3 Ke5 54. b4 axb4 55. cxb4 Bf2 56. Kb5 Bd4 57. Kc6 1-0

[Event "Late-Titled-Tuesday-Blitz-February-06-2024"]
[Site "Chess.com"]
[Date "2024.02.06"]
[Round "9"]
[White "Chempiblinka"]
[Black "Dinamo3"]
[Result "1-0"]
[WhiteElo "2361"]
[BlackElo "2494"]
[TimeControl "180+1"]
[EndTime "15:45:33 PST"]
[Termination "Chempiblinka won on time"]

1. Nf3 Nf6 2. g3 g6 3. Bg2 Bg7 4. O-O O-O 5. c4 d6 6. d4 Nc6 7. Nc3 Bf5 8. Nh4 Bd7 9. b3 a6 10. Bb2 Rb8 11. Rc1 e5 12. d5 Na5 13. Qd2 b5 14. cxb5 axb5 15. Ne4 b4 16. Nxf6+ Bxf6 17. Nf3 Bg7 18. Rfe1 h6 19. Qc2 c5 20. dxc6 Bxc6 21. e3 Qe7 22. Red1 Rfd8 23. e4 Rbc8 24. Qe2 Nb7 25.
Nd2 Nc5 26. Nc4 Bb5 27. f3 Ne6 28. Bh3 h5 29. Qe3 Kh7 30. Qb6 Bxc4 31. Rxc4 Rxc4 32. bxc4 Nc5 33. Qxb4 Qa7 34. Kh1 Qxa2 35. Ra1 Nd3 36. Rxa2 Nxb4 37. Ra7 Kg8 38. Ba3 Nc2 39. Bb2 Ne3 40.
Rc7 Rb8 41. Bc1 Rb1 42. Rc8+ Kh7 43. Kg1 Rxc1+ 44. Kf2 Nxc4 45. Rd8 Rc2+ 46. Ke1 Bh6 47. Rd7 Bd2+ 48. Kd1 Ne3+ 49. Ke2 Kg7 50. Kd3 Ra2 51. Be6 Kh6 52. Rxf7 Nf1 53. Bxa2 Bg5 54. Ke2 Nxh2 55. Kf2 h4 56. Kg2 hxg3 57. Kxg3 Nf1+ 58. Kf2 Nd2 59. Rd7 Nb1 60. Bxb1 1-0